 Dungeon Crawl Stone Soup version 0.31-a0-221-gbddc013574 (webtiles) character file.

Game seed: 15978444476749723815

94 qw the Shooter (level 4, 0/36 HPs)
             Began as a Minotaur Hexslinger on July 4, 2023.
             Slain by an orc wizard
             ... wielding a +2 dagger of freezing
              (4 damage)
             ... on level 4 of the Dungeon.
             The game lasted 00:00:52 (2622 turns).

qw the Shooter (Minotaur Hexslinger)                Turns: 2622, Time: 00:00:53

Health: 0/36       AC:  6    Str: 13    XL:     4   Next: 38%
Magic:  4/4        EV: 11    Int: 10    God:
Gold:   93         SH:  0    Dex: 14    Spells: 4/5 levels left

rFire   . . .        Y - +1 sling
rCold   + . .        (no shield)
rNeg    . . .        h - +0 ring mail
rPois   .            (helmet restricted)
rElec   .            (no cloak)
rCorr   .            (no gloves)
SInv    .            b - +0 pair of boots
Will    .....        i - amulet of regeneration
Stlth   +            a - ring of protection from cold
HPRegen 1.06/turn    (no ring)
MPRegen 0.09/turn

%: no passive effects
@: no status effects
A: horns 2, retaliatory headbutt
a: no special abilities


You were on level 4 of the Dungeon.
You visited 1 branch of the dungeon, and saw 4 of its levels.

You collected 93 gold pieces.


Innate Abilities, Weirdness & Mutations

You have a pair of horns on your head.
You reflexively headbutt those who attack you in melee.


   Skills:
 - Level 2.0 Fighting
 + Level 4.7 Ranged Weapons
 - Level 1.1 Armour
 - Level 2.1 Dodging
 - Level 1.0 Spellcasting
 - Level 2.0 Hexes


You had 4 spell levels left.
You knew the following spells:

 Your Spells              Type           Power      Damage    Failure   Level
a - Slow                  Hex            16%        N/A       32%         1

Your spell library contained the following spells:

 Spells                   Type           Power      Damage    Failure   Level
 Inner Flame              Hex/Fire       2%         N/A       82%         3
 Portal Projectile        Hex/Tloc       4%         N/A       82%         3
 Cause Fear               Hex            2%         N/A       97%         4

Inventory:

Hand Weapons
 Y - a +1 sling (weapon)
Armour
 b - a +0 pair of boots (worn)
 h - a +0 ring mail (worn)
Jewellery
 a - a ring of protection from cold (left hand)
 e - a ring of fire
 i - an amulet of regeneration (around neck)
Scrolls
 g - 2 scrolls of teleportation
Potions
 c - a potion of magic {unknown}
 d - a potion of curing {unknown}
 f - a potion of ambrosia {unknown}
 j - a potion of mutation {unknown}
 k - a potion of brilliance {unknown}
 l - a potion of heal wounds {unknown}
 m - a potion of haste {unknown}
 o - a potion of invisibility {unknown}

Dungeon Overview and Level Annotations

Branches:
Dungeon (4/15)
 Temple: D:4-7

Altars:
Vehumet

Shops:
D:1 *   D:2 (


Message History

Something hits you but does no damage.
You shoot a sling bullet. Something hits you.
You hear some strange, mumbled words.
A magic dart appears from out of thin air!
The magic dart hits you.
You shoot a sling bullet.
You hear some strange, mumbled words.
You are confused.
You shoot a sling bullet. Something hits you.
You shoot a sling bullet. Something hits you. Something freezes you.
Something hits you.
You shoot a sling bullet. Something hits you.
You shoot a sling bullet. Something hits you.
You shoot a sling bullet.
You feel less confused. Something hits you.
You shoot a sling bullet. Something hits you. Something freezes you.
Something hits you. Something freezes you.
You shoot a sling bullet.
You hear some strange, mumbled words.
Something tries to affect you, but you resist.
You shoot a sling bullet. Something hits you.
You shoot a sling bullet. Something hits you but does no damage.
You hear some strange, mumbled words.
A magic dart appears from out of thin air!
The magic dart hits you.
You shoot a sling bullet. Something hits you.
You shoot a sling bullet. Something hits you. Something freezes you.
You shoot a sling bullet. Something hits you.
You die...

.......##...###'##.....
........................
###.....................
......................
...................
...................
##..................
........).######
........@{......
######..).......
#.......... #..........
####....### ......
....... .......


There were no monsters in sight!

Vanquished Creatures
  2 adders (D:2)
  3 orcs (D:4)
  4 ball pythons
  5 bats
  5 endoplasms
  4 giant cockroaches
  7 goblins
  8 hobgoblins
  6 jackals (D:1)
  3 kobolds
  8 quokkas
  2 frilled lizards (D:3)
  3 rats
60 creatures vanquished.

Notes
Turn   | Place    | Note
-------+----------+-------------------------------------------
     0 | D:1      | qw the Minotaur Hexslinger began the quest for the Orb.
     0 | D:1      | Reached XP level 1. HP: 16/16 MP: 1/1
     0 | D:1      | 0 ||| qw: Version: 0.3-a-41-g9d075ac
     0 | D:1      | 0 ||| qw: Game counter: 758
     0 | D:1      | 0 ||| qw: Melee chars always use a shield: true
     0 | D:1      | 0 ||| qw: God list: Okawaru
     0 | D:1      | 0 ||| qw: Allow faded altars: false
     0 | D:1      | 0 ||| qw: Do Orc after clearing Dungeon:15 true
     0 | D:1      | 0 ||| qw: Do second Lair branch before Depths: true
     0 | D:1      | 0 ||| qw: Lair rune preference: random
     0 | D:1      | 0 ||| qw: Goals: Normal
     0 | D:1      | 0 ||| PLANNING D:1-11
   106 | D:1      | Reached skill level 3 in Ranged Weapons
   106 | D:1      | Reached XP level 2. HP: 22/23 MP: 2/2
   307 | D:1      | Found Sesoiw's Assorted Antiques.
   332 | D:1      | Reached XP level 3. HP: 24/29 MP: 3/3
   355 | D:1      | 355 ||| SHOPLISTING large lapis lazuli amulet (135 gold,
                  | have 26).
   355 | D:1      | 355 ||| SHOPLISTING runed troll leather armour (486 gold,
                  | have 26).
   355 | D:1      | 355 ||| SHOPLISTING scroll labelled GOAR ESAANYCEY (27
                  | gold, have 26).
   355 | D:1      | 355 ||| SHOPLISTING scroll labelled UCLIAVVUHO (27 gold,
                  | have 26).
   704 | D:1      | 704 ||| UPGRADING to +0 leather armour.
   714 | D:1      | 714 ||| DROPPING +0 robe.
   715 | D:1      | 715 ||| UPGRADING to +0 ring mail.
   725 | D:1      | 725 ||| DROPPING +0 leather armour.
   726 | D:1      | 726 ||| UPGRADING to amulet of regeneration.
   731 | D:1      | 731 ||| READING scroll labelled ARASOWAQURCH.
   732 | D:1      | 732 ||| READING 2 scrolls labelled GOAR ESAANYCEY.
   735 | D:1      | 735 ||| READING 2 scrolls labelled UCLIAVVUHO.
   736 | D:1      | 736 ||| READING scroll labelled GUURAQ MISE.
   748 | D:1      | 748 ||| DROPPING scroll of poison.
   749 | D:1      | 749 ||| DROPPING scroll of blinking.
   882 | D:2      | Found Neutah's Weapon Shop.
   888 | D:2      | 888 ||| SHOPLISTING +0 heavy orcbow (107 gold, have 56).
   888 | D:2      | 888 ||| SHOPLISTING +8 sling of the Poles {antimagic,
                  | Str+3} (751 gold, have 56).
   935 | D:2      | Reached skill level 4 in Ranged Weapons
  1153 | D:2      | Reached skill level 1 in Armour
  1563 | D:2      | 1563 ||| UPGRADING to ring of protection from cold.
  1564 | D:2      | 1564 ||| READING scroll labelled UMALOCKICSUO.
  1796 | D:3      | Reached XP level 4. HP: 36/36 MP: 4/4
  1833 | D:3      | Found a radiant altar of Vehumet.
  2522 | D:3      | 2522 ||| UPGRADING to +0 pair of boots.
  2527 | D:3      | 2527 ||| READING scroll labelled TIOTAH KYMUWUB.
  2616 | D:4      | HP: 9/36 [something (1)]
  2621 | D:4      | HP: 4/36 [something (4)]
  2622 | D:4      | Slain by an orc wizard

Levels and vault maps discovered:
D:1:      erik_arrival_orb_chamber, layout_loops_cross, serial_shops, shop
D:2:      layout_basic, serial_shops, shop
D:3:      layout_basic, vehumet_crystals
D:4:      layout_basic, nemelex_diamond_rough_becter,
          minmay_hollow_rounded_squares

Skill      XL: |  1  2  3 |
---------------+----------+-----
Ranged Weapons | 3 4 |  4.7
Fighting       | 2 |  2.0
Armour         | 1 |  1.1
Dodging        | |  2.1
Spellcasting   | |  1.0
Hexes          | |  2.0

Action                     |  1- 3 |  4- 6 || total
---------------------------+-------+-------++-------
   Fire: Sling             |   110 |    86 ||   196
    Use: Scroll            |     5 |     1 ||     6
 Armour: Robe              |    14 |       ||    14
         Ring mail         |     3 |    18 ||    21
  Dodge: Dodged            |    34 |    25 ||    59

Table legend:
 A = Non-vault XP
 B = Vault XP
 C = Vault XP percentage of total XP
 D = Non-vault monster count
 E = Vault monster count
 F = Vault count percentage of total count
                 A         B        C        D         E       F
            +---------+---------+-------+---------+---------+-------
      Total |     135 |       0 |   0.0 |      60 |       0 |   0.0
            +---------+---------+-------+---------+---------+-------
        D:1 |      54 |       0 |   0.0 |      29 |       0 |   0.0
        D:2 |      39 |       0 |   0.0 |       9 |       0 |   0.0
        D:3 |      27 |       0 |   0.0 |      16 |       0 |   0.0
        D:4 |      15 |       0 |   0.0 |       6 |       0 |   0.0
            +---------+---------+-------+---------+---------+-------
